TOP OF THE 1ST |
Cleveland Spiders batting - Pitching for Kansas City Royals : LHP Dave LaPoint
|
Pitching: LHP Dave LaPoint
|
|
Batting: RHB Alan Trammell
|
0-0: Ball 1-0: Ball 2-0: Ball 3-0: Called Strike 3-1: Base on Balls
|
Batting: SHB Bump Wills
|
0-0: Called Strike 0-1: Foul Ball, location: 2F 0-2: Ball 1-2: Ball 2-2: Strikes out swinging
|
Batting: RHB Cressy Pratt
|
0-0: Foul Ball, location: 2F 0-1: Ball 1-1: Called Strike 1-2: Foul Ball, location: 2F 1-2: Strikes out swinging
|
Batting: RHB Clayton Elliott
|
0-0: Foul Ball, location: 2F 0-1: Fly out, F9 (Flyball, 9S, EV 90.6 MPH)
|
Top of the 1st over - 0 runs, 0 hits, 0 errors, 1 left on base; Cleveland 0 - Kansas City 0 |
BOTTOM OF THE 1ST |
Kansas City Royals batting - Pitching for Cleveland Spiders : RHP Rick Rhoden
|
Pitching: RHP Rick Rhoden
|
|
Batting: RHB Rickey Henderson
|
0-0: Ball 1-0: Foul Ball, location: 2F 1-1: Foul Ball, location: 2F 1-2: SINGLE (Line Drive, 9S, EV 109.4 MPH)
|
Batting: LHB Gene Richards
|
0-0: Swinging Strike 0-1: Called Strike 0-2: Ball 1-2: Ball Rickey Henderson steals 2nd base 2-2: Ball 3-2: Foul Ball, location: 2F 3-2: Ground out 4-3 (Groundball, 4, EV 93.8 MPH) Rickey Henderson to third
|
Batting: RHB Bob Horner
|
0-0: Foul Ball, location: 2F 0-1: Ball 1-1: Foul Ball, location: 2F 1-2: Foul Ball, location: 2F 1-2: Foul Ball, location: 2F 1-2: Fly out, F9 (Flyball, 89S, EV 75.0 MPH) Runner from 3rd tags up, SCORES, throw by RF
|
Batting: RHB Gary Carter
|
0-0: Ground out 6-3 (Groundball, 6M, EV 85.6 MPH)
|
Bottom of the 1st over - 1 run, 1 hit, 0 errors, 0 left on base; Cleveland 0 - Kansas City 1 |
TOP OF THE 2ND |
Cleveland Spiders batting - Pitching for Kansas City Royals : LHP Dave LaPoint
|
Batting: SHB Salvador Perez
|
0-0: Foul Ball, location: 2F 0-1: Ball 1-1: TRIPLE (Flyball, 78XD, EV 110.0 MPH)
|
Batting: RHB Tom Brunansky
|
0-0: Foul Ball, location: 2F 0-1: Foul Ball, location: 2F 0-2: Strikes out swinging
|
Batting: RHB Kevin Bell
|
0-0: Called Strike 0-1: Swinging Strike 0-2: Ball 1-2: Strikes out swinging
|
Batting: RHB Lance Parrish
|
0-0: Ground out 6-3 (Groundball, 6S, EV 81.9 MPH)
|
Top of the 2nd over - 0 runs, 1 hit, 0 errors, 1 left on base; Cleveland 0 - Kansas City 1 |
BOTTOM OF THE 2ND |
Kansas City Royals batting - Pitching for Cleveland Spiders : RHP Rick Rhoden
|
Batting: RHB Lloyd McClendon
|
0-0: Called Strike 0-1: Ball 1-1: Ground out 6-3 (Groundball, 6, EV 87.5 MPH)
|
Batting: RHB Jeffrey Leonard
|
0-0: Foul Ball, location: 2F 0-1: Ball 1-1: SINGLE (Groundball, 4MD, EV 105.6 MPH)
|
Batting: LHB Rick Manning
|
0-0: Ball 1-0: Called Strike Jeffrey Leonard steals 2nd base 1-1: Ball 2-1: Foul Ball, location: 2F 2-2: Ball 3-2: Ground out 6-3 (Groundball, 6, EV 88.8 MPH) Jeffrey Leonard to third
|
Batting: LHB Alvin Davis
|
0-0: Called Strike 0-1: Ball 1-1: Called Strike 1-2: Strikes out swinging
|
Bottom of the 2nd over - 0 runs, 1 hit, 0 errors, 1 left on base; Cleveland 0 - Kansas City 1 |
TOP OF THE 3RD |
Cleveland Spiders batting - Pitching for Kansas City Royals : LHP Dave LaPoint
|
Batting: RHB Jesse Barfield
|
0-0: Called Strike 0-1: Swinging Strike 0-2: Ball 1-2: Ball 2-2: Ball 3-2: Foul Ball, location: 2F 3-2: Foul Ball, location: 2F 3-2: Fly out, F7 (Line Drive, 7, EV 86.9 MPH)
|
Batting: RHB Alan Trammell
|
0-0: Foul Ball, location: 2F 0-1: Ball 1-1: Ball 2-1: Foul Ball, location: 2F 2-2: Ball 3-2: Foul Ball, location: 2F 3-2: Ground out 6-3 (Groundball, 6S, EV 83.1 MPH)
|
Batting: SHB Bump Wills
|
0-0: Ball 1-0: Called Strike 1-1: DOUBLE (Flyball, 8RD, EV 97.5 MPH)
|
Batting: RHB Cressy Pratt
|
0-0: Called Strike 0-1: Fly out, F4 (Line Drive, 4, EV 62.5 MPH)
|
Top of the 3rd over - 0 runs, 1 hit, 0 errors, 1 left on base; Cleveland 0 - Kansas City 1 |
BOTTOM OF THE 3RD |
Kansas City Royals batting - Pitching for Cleveland Spiders : RHP Rick Rhoden
|
Batting: RHB Alberto Gonzalez
|
0-0: Ball 1-0: Called Strike 1-1: Ball 2-1: SINGLE (Line Drive, 78M, EV 90.0 MPH)
|
Batting: RHB Rickey Henderson
|
0-0: Foul Ball, location: 2F 0-1: Foul Ball, location: 2F 0-2: SINGLE (Line Drive, 6D, EV 108.8 MPH) Alberto Gonzalez to second
|
Batting: LHB Gene Richards
|
0-0: Called Strike 0-1: Called Strike 0-2: Ball 1-2: Foul Ball, location: 2F 1-2: Foul Ball, location: 2F 1-2: Ball 2-2: SINGLE (Flyball, 7LS, EV 91.3 MPH) Alberto Gonzalez to third Rickey Henderson to second Runner from 3rd tries for Home, SAFE, throw by LF to home
|
Batting: RHB Bob Horner
|
0-0: Called Strike 0-1: Grounds into double play, 5-4-3 (Groundball, 56D, EV 108.8 MPH) Rickey Henderson to third
|
Batting: RHB Gary Carter
|
0-0: SINGLE (Line Drive, 9S, EV 99.4 MPH) Rickey Henderson scores
|
Batting: RHB Lloyd McClendon
|
0-0: Called Strike 0-1: Foul Ball, location: 2F 0-2: Fly out, F7 (Flyball, 7, EV 89.4 MPH)
|
Bottom of the 3rd over - 2 runs, 4 hits, 0 errors, 1 left on base; Cleveland 0 - Kansas City 3 |
TOP OF THE 4TH |
Cleveland Spiders batting - Pitching for Kansas City Royals : LHP Dave LaPoint
|
Batting: RHB Clayton Elliott
|
0-0: Ball 1-0: Ball 2-0: Ball 3-0: Base on Balls
|
Batting: SHB Salvador Perez
|
0-0: Ball 1-0: Called Strike 1-1: Fly out, F8 (Flyball, 8RM, EV 87.5 MPH)
|
Batting: RHB Tom Brunansky
|
0-0: Ball 1-0: Called Strike 1-1: Fly out, F6 (Flyball, 6D, EV 90.6 MPH)
|
Batting: RHB Kevin Bell
|
0-0: Ball 1-0: Ball 2-0: Fly out, F6 (Popup, 4MD, EV 69.4 MPH)
|
Top of the 4th over - 0 runs, 0 hits, 0 errors, 1 left on base; Cleveland 0 - Kansas City 3 |
BOTTOM OF THE 4TH |
Kansas City Royals batting - Pitching for Cleveland Spiders : RHP Rick Rhoden
|
Batting: RHB Jeffrey Leonard
|
0-0: Called Strike 0-1: Called Strike 0-2: Foul Ball, location: 2F 0-2: SINGLE (Groundball, 5D, EV 99.4 MPH)
|
Batting: LHB Rick Manning
|
0-0: Swinging Strike 0-1: Ball 1-1: Ball 2-1: Ball 3-1: Fielders Choice at 2nd, 4-6 (Groundball, 34, EV 90.6 MPH)
|
Batting: LHB Alvin Davis
|
0-0: Called Strike 0-1: Ball Rick Manning steals 2nd base 1-1: Swinging Strike 1-2: Strikes out swinging
|
Batting: RHB Alberto Gonzalez
|
0-0: Ball 1-0: Ball 2-0: Called Strike 2-1: Single, Error in OF, E8, batter to second base (Line Drive, 8LS, EV 91.3 MPH) Rick Manning scores
|
Batting: RHB Rickey Henderson
|
0-0: Ball 1-0: Ball 2-0: Foul Ball, location: 2F 2-1: Called Strike 2-2: Ball 3-2: Fly out, F8 (Flyball, 8LS, EV 95.0 MPH)
|
Bottom of the 4th over - 1 run, 2 hits, 1 error, 1 left on base; Cleveland 0 - Kansas City 4 |
TOP OF THE 5TH |
Cleveland Spiders batting - Pitching for Kansas City Royals : LHP Dave LaPoint
|
Batting: RHB Lance Parrish
|
0-0: SOLO HOME RUN (Flyball, 7D, EV 95.0 MPH), Distance : 377 ft
|
Batting: RHB Jesse Barfield
|
0-0: Called Strike 0-1: Foul Ball, location: 2F 0-2: Foul Ball, location: 2F 0-2: Foul Ball, location: 2F 0-2: Strikes out swinging
|
Batting: RHB Alan Trammell
|
0-0: Called Strike 0-1: Called Strike 0-2: Strikes out swinging
|
Batting: SHB Bump Wills
|
0-0: Fly out, F9 (Flyball, 9S, EV 76.3 MPH)
|
Top of the 5th over - 1 run, 1 hit, 0 errors, 0 left on base; Cleveland 1 - Kansas City 4 |
BOTTOM OF THE 5TH |
Kansas City Royals batting - Pitching for Cleveland Spiders : RHP Rick Rhoden
|
Batting: LHB Gene Richards
|
0-0: Called Strike 0-1: Ball 1-1: Ball 2-1: Foul Ball, location: 2F 2-2: SINGLE (Groundball, 6S, EV 73.1 MPH) (infield hit)
|
Batting: RHB Bob Horner
|
0-0: Called Strike 0-1: Called Strike 0-2: Fly out, F8 (Flyball, 8LXD, EV 91.9 MPH)
|
Batting: RHB Gary Carter
|
0-0: Ball 1-0: Called Strike 1-1: Ball 2-1: Called Strike 2-2: Fly out, F7 (Line Drive, 7, EV 106.3 MPH)
|
Batting: RHB Lloyd McClendon
|
0-0: Ball 1-0: Ball 2-0: Ball 3-0: Called Strike 3-1: Fly out, F8 (Flyball, 8RM, EV 80.0 MPH)
|
Bottom of the 5th over - 0 runs, 1 hit, 0 errors, 1 left on base; Cleveland 1 - Kansas City 4 |
TOP OF THE 6TH |
Cleveland Spiders batting - Pitching for Kansas City Royals : LHP Dave LaPoint
|
Batting: RHB Cressy Pratt
|
0-0: Swinging Strike 0-1: Foul Ball, location: 2F 0-2: Foul Ball, location: 2F 0-2: Ball 1-2: Strikes out swinging
|
Batting: RHB Clayton Elliott
|
0-0: Ball 1-0: Ball 2-0: Foul Ball, location: 2F 2-1: Foul Ball, location: 2F 2-2: Foul Ball, location: 2F 2-2: Ball 3-2: Ground out 3-1 (Groundball, 34S, EV 83.8 MPH)
|
Batting: SHB Salvador Perez
|
0-0: Fly out, F8 (Line Drive, 8LD, EV 91.3 MPH)
|
Top of the 6th over - 0 runs, 0 hits, 0 errors, 0 left on base; Cleveland 1 - Kansas City 4 |
BOTTOM OF THE 6TH |
Kansas City Royals batting - Pitching for Cleveland Spiders : RHP Rick Rhoden
|
Batting: RHB Jeffrey Leonard
|
0-0: Called Strike 0-1: Swinging Strike 0-2: Foul Ball, location: 2F 0-2: Foul Ball, location: 2F 0-2: Strikes out swinging
|
Batting: LHB Rick Manning
|
0-0: Ball 1-0: Called Strike 1-1: Ball 2-1: Ball 3-1: Base on Balls
|
Batting: LHB Alvin Davis
|
0-0: Called Strike Rick Manning steals 2nd base 0-1: Foul Ball, location: 2F 0-2: SINGLE (Groundball, 3D, EV 96.9 MPH) Rick Manning to third Runner from 3rd tries for Home, SAFE, throw by RF to home
|
Batting: RHB Alberto Gonzalez
|
0-0: SINGLE (Flyball, 7LS, EV 92.5 MPH) Alvin Davis to second
|
Batting: RHB Rickey Henderson
|
0-0: Fielders Choice at 2nd, 4-6 (Groundball, 4, EV 75.6 MPH) Alvin Davis to third
|
Batting: LHB Gene Richards
|
0-0: SINGLE (Groundball, 4MD, EV 95.6 MPH) Alvin Davis scores Rickey Henderson to second Runner from 2nd tries for 3rd, SAFE, throw by CF made to third
|
Batting: RHB Bob Horner
|
0-0: Ball 1-0: Ball 2-0: Called Strike 2-1: Ball 3-1: DOUBLE (Flyball, 8LXD, EV 109.4 MPH) Rickey Henderson scores Gene Richards to third Runner from 3rd tries for Home, throw by CF and OUT! 8-6-2
|
Bottom of the 6th over - 3 runs, 4 hits, 0 errors, 1 left on base; Cleveland 1 - Kansas City 7 |
TOP OF THE 7TH |
Cleveland Spiders batting - Pitching for Kansas City Royals : LHP Dave LaPoint
|
Batting: RHB Tom Brunansky
|
0-0: Ball 1-0: Ball 2-0: Called Strike 2-1: Ball 3-1: Fly out, F7 (Flyball, 78S, EV 88.1 MPH)
|
Batting: RHB Kevin Bell
|
0-0: Swinging Strike 0-1: Ball 1-1: Ball 2-1: SINGLE (Groundball, 34D, EV 107.5 MPH)
|
Batting: RHB Lance Parrish
|
0-0: Ball 1-0: Fielders Choice at 2nd, 5-4 (Groundball, 56S, EV 87.5 MPH)
|
Batting: RHB Jesse Barfield
|
0-0: Ball 1-0: Foul Ball, location: 2F 1-1: Ball 2-1: Fly out, F4 (Popup, 4M, EV 71.3 MPH)
|
Top of the 7th over - 0 runs, 1 hit, 0 errors, 1 left on base; Cleveland 1 - Kansas City 7 |
BOTTOM OF THE 7TH |
Kansas City Royals batting - Pitching for Cleveland Spiders : RHP Rick Rhoden
|
Pitching: LHP Gary Williams
|
|
Batting: RHB Gary Carter
|
0-0: Ball 1-0: Called Strike 1-1: Ball 2-1: Ball 3-1: Fly out, F8 (Flyball, 8RXD, EV 106.3 MPH)
|
Batting: RHB Lloyd McClendon
|
0-0: SINGLE (Line Drive, 78M, EV 96.9 MPH)
|
Batting: RHB Jeffrey Leonard
|
0-0: Called Strike 0-1: Foul Ball, location: 2F 0-2: Foul Ball, location: 2F 0-2: Foul Ball, location: 2F 0-2: Fly out, F8 (Flyball, 89M, EV 87.5 MPH)
|
Batting: LHB Rick Manning
|
0-0: Ball 1-0: Called Strike 1-1: Called Strike 1-2: Ball 2-2: SINGLE (Flyball, 4MD, EV 92.5 MPH) Lloyd McClendon to second Runner from 2nd tries for 3rd, SAFE, throw by CF made to third
|
Batting: LHB Alvin Davis
|
0-0: Foul Ball, location: 2F 0-1: Ball 1-1: Ball 2-1: SINGLE (Groundball, 4S, EV 73.1 MPH) (infield hit) Lloyd McClendon scores Rick Manning to second
|
Pinch Hitting: RHB Adrian Monrreal
|
0-0: Ball 1-0: Called Strike 1-1: Ball 2-1: Foul Ball, location: 2F 2-2: Strikes out looking
|
Bottom of the 7th over - 1 run, 3 hits, 0 errors, 2 left on base; Cleveland 1 - Kansas City 8 |
TOP OF THE 8TH |
Cleveland Spiders batting - Pitching for Kansas City Royals : LHP Dave LaPoint
|
Now at 2B: Adrian Monrreal
|
|
Pinch Hitting: RHB Henry Torres
|
0-0: Called Strike 0-1: Foul Ball, location: 2F 0-2: Ground out 6-3 (Groundball, 6, EV 83.8 MPH)
|
Pinch Hitting: RHB Mark Hopper
|
0-0: Ball 1-0: Called Strike 1-1: Foul Ball, location: 2F 1-2: Ball 2-2: Ball 3-2: Fly out, F3 (Popup, 23F, EV 82.5 MPH)
|
Pinch Hitting: RHB Tom Dodd
|
0-0: Called Strike 0-1: Ball 1-1: Swinging Strike 1-2: Ball 2-2: Ball 3-2: Foul Ball, location: 2F 3-2: Base on Balls
|
Pitching: RHP Donald Moore
|
|
Batting: RHB Clayton Elliott
|
0-0: Foul Ball, location: 2F 0-1: Ball 1-1: Fielders Choice at 2nd, U4 (Groundball, 4M, EV 82.5 MPH)
|
Top of the 8th over - 0 runs, 0 hits, 0 errors, 1 left on base; Cleveland 1 - Kansas City 8 |
BOTTOM OF THE 8TH |
Kansas City Royals batting - Pitching for Cleveland Spiders : LHP Gary Williams
|
Now at 2B: Henry Torres
|
|
Now at SS: Mark Hopper
|
|
Now in LF: Tom Dodd
|
|
Pinch Hitting: LHB Jim Eisenreich
|
0-0: Called Strike 0-1: Ball 1-1: Ball 2-1: Called Strike 2-2: Foul Ball, location: 2F 2-2: SINGLE (Line Drive, 8RS, EV 110.6 MPH)
|
Pinch Hitting: RHB Charlie O'Brien
|
0-0: Foul Ball, location: 2F 0-1: Foul Ball, location: 2F 0-2: Strikes out looking
|
Pitching: RHP Steve McCatty
|
|
Pinch Hitting: LHB Brad Mills
|
0-0: Called Strike 0-1: Swinging Strike 0-2: Strikes out swinging
|
Batting: RHB Gary Carter
|
0-0: Ball 1-0: Ball 2-0: Ball 3-0: Called Strike 3-1: Base on Balls Jim Eisenreich to second
|
Batting: RHB Lloyd McClendon
|
0-0: Ball 1-0: Called Strike 1-1: Fly out, F8 (Flyball, 8LXD, EV 98.8 MPH)
|
Bottom of the 8th over - 0 runs, 1 hit, 0 errors, 2 left on base; Cleveland 1 - Kansas City 8 |
TOP OF THE 9TH |
Cleveland Spiders batting - Pitching for Kansas City Royals : RHP Donald Moore
|
Now at 3B: Brad Mills
|
|
Now in CF: Kerry Dineen
|
|
Now in RF: Jim Eisenreich
|
|
Batting: SHB Salvador Perez
|
0-0: Ball 1-0: Ball 2-0: Fly out, F9 (Flyball, 9, EV 88.1 MPH)
|
Batting: RHB Tom Brunansky
|
0-0: SINGLE (Flyball, 8LS, EV 86.3 MPH)
|
Batting: RHB Kevin Bell
|
0-0: Foul Ball, location: 2F 0-1: Ball 1-1: Ball 2-1: Foul Ball, location: 2F 2-2: Fielders Choice at 2nd, 4-6 (Groundball, 4, EV 78.8 MPH)
|
Batting: RHB Lance Parrish
|
0-0: Swinging Strike 0-1: Foul Ball, location: 2F 0-2: Ball 1-2: Ball 2-2: Strikes out swinging
|
Top of the 9th over - 0 runs, 1 hit, 0 errors, 1 left on base; Cleveland 1 - Kansas City 8 |
|